| TOP OF THE 1ST |
|
Minnesota Twins batting - Pitching for Montreal Expos : RHP Cheng-ho Hsu
|
|
Pitching: RHP Cheng-ho Hsu
|
|
|
Batting: RHB Greg Harman
|
0-0: Ball 1-0: Called Strike 1-1: SINGLE (Groundball, 56D, EV 104.4 MPH)
|
|
Batting: LHB Peer Derks
|
0-0: Ball 1-0: Swinging Strike 1-1: Ball 2-1: Ball 3-1: Called Strike 3-2: Base on Balls Greg Harman to second
|
|
Batting: LHB Ryan Flynn Jr.
|
0-0: Called Strike 0-1: Ball 1-1: Fielders Choice at 2nd, 3-6 (Groundball, 3S, EV 91.9 MPH) Greg Harman to third
|
|
Batting: RHB Miguel Diaz
|
0-0: Grounds into double play, 5-4-3 (Groundball, 56S, EV 91.9 MPH)
|
| Top of the 1st over - 0 runs, 1 hit, 0 errors, 1 left on base; Minnesota 0 - Montreal 0 |
| BOTTOM OF THE 1ST |
|
Montreal Expos batting - Pitching for Minnesota Twins : RHP Bud Puffer
|
|
Pitching: RHP Bud Puffer
|
|
|
Batting: LHB Bill McGregor
|
0-0: Ball 1-0: Swinging Strike 1-1: Ball 2-1: Called Strike 2-2: Ball 3-2: Ground out 6-3 (Groundball, 6, EV 86.9 MPH)
|
|
Batting: LHB Mark Marvin
|
0-0: Ball 1-0: Ball 2-0: Swinging Strike 2-1: Called Strike 2-2: Strikes out looking
|
|
Batting: LHB Steve Anderson
|
0-0: Ball 1-0: Ball 2-0: Fly out, F3 (Line Drive, 34, EV 64.4 MPH)
|
| Bottom of the 1st over - 0 runs, 0 hits, 0 errors, 0 left on base; Minnesota 0 - Montreal 0 |
| TOP OF THE 2ND |
|
Minnesota Twins batting - Pitching for Montreal Expos : RHP Cheng-ho Hsu
|
|
Batting: RHB Will Leslie
|
0-0: Called Strike 0-1: Ball 1-1: Ground out 3-1 (Groundball, 34S, EV 85.6 MPH)
|
|
Batting: RHB Miguel Gonzalez
|
0-0: Foul Ball, location: 2F 0-1: Foul Ball, location: 2F 0-2: Ball 1-2: Foul Ball, location: 2F 1-2: Foul Ball, location: 2F 1-2: Ball 2-2: Strikes out looking
|
|
Batting: LHB Harris Vink
|
0-0: Called Strike 0-1: Ball 1-1: Foul Ball, location: 2F 1-2: Foul Ball, location: 2F 1-2: Foul Ball, location: 2F 1-2: Ball 2-2: Ball 3-2: Strikes out swinging
|
| Top of the 2nd over - 0 runs, 0 hits, 0 errors, 0 left on base; Minnesota 0 - Montreal 0 |
| BOTTOM OF THE 2ND |
|
Montreal Expos batting - Pitching for Minnesota Twins : RHP Bud Puffer
|
|
Batting: RHB Steve French
|
0-0: Foul Ball, location: 2F 0-1: Ball 1-1: Fly out, F7 (Flyball, 78M, EV 82.5 MPH)
|
|
Batting: SHB Lou Kroneman
|
0-0: Called Strike 0-1: Ball 1-1: Ball 2-1: Ground out 4-3 (Groundball, 4, EV 98.1 MPH)
|
|
Batting: RHB John Ham
|
0-0: Ball 1-0: Foul Ball, location: 2F 1-1: Ground out U3 (Groundball, 34, EV 86.2 MPH)
|
| Bottom of the 2nd over - 0 runs, 0 hits, 0 errors, 0 left on base; Minnesota 0 - Montreal 0 |
| TOP OF THE 3RD |
|
Minnesota Twins batting - Pitching for Montreal Expos : RHP Cheng-ho Hsu
|
|
Batting: RHB Matt Dunn
|
0-0: SINGLE (Flyball, 89S, EV 83.1 MPH)
|
|
Batting: RHB Alex Rodriguez Jr.
|
0-0: 2-RUN HOME RUN (Flyball, 78XD, EV 106.9 MPH), Distance : 420 ft
|
|
Batting: RHB Greg Harman
|
0-0: Ball 1-0: SINGLE (Flyball, 7S, EV 91.9 MPH)
|
|
Batting: LHB Peer Derks
|
0-0: Called Strike 0-1: Called Strike 0-2: Ball 1-2: Ball 2-2: SINGLE (Groundball, 6D, EV 109.4 MPH) Greg Harman to second
|
|
Batting: LHB Ryan Flynn Jr.
|
0-0: Foul Ball, location: 2F 0-1: Ball 1-1: Ball 2-1: Foul Ball, location: 2F 2-2: SINGLE (Flyball, 8RS, EV 100.6 MPH) Greg Harman to third Peer Derks to second Runner from 3rd tries for Home, SAFE, throw by CF to home
|
|
Batting: RHB Miguel Diaz
|
0-0: Fly out, F9 (Flyball, 9D, EV 81.2 MPH) Runner from 2nd tags up, SAFE at 3rd, no throw by RF
|
|
Batting: RHB Will Leslie
|
0-0: Called Strike Ryan Flynn Jr. steals 2nd base 0-1: Ball 1-1: Fly out, F8 (Flyball, 8LXD, EV 76.9 MPH) Runner from 3rd tags up, SCORES, no throw by CF Ryan Flynn Jr. to third
|
|
Batting: RHB Miguel Gonzalez
|
0-0: Called Strike 0-1: Ball 1-1: Swinging Strike 1-2: Strikes out swinging
|
| Top of the 3rd over - 4 runs, 5 hits, 0 errors, 1 left on base; Minnesota 4 - Montreal 0 |
| BOTTOM OF THE 3RD |
|
Montreal Expos batting - Pitching for Minnesota Twins : RHP Bud Puffer
|
|
Batting: RHB Jonathan Fraire
|
0-0: Ball 1-0: Ball 2-0: Ball 3-0: Called Strike 3-1: Foul Ball, location: 2F 3-2: Strikes out swinging
|
|
Batting: RHB Tommy Mize
|
0-0: Ground out U3 (Groundball, 3L, EV 87.5 MPH)
|
|
Batting: RHB Danny Diaz
|
0-0: Swinging Strike 0-1: Ball 1-1: Ball 2-1: Called Strike 2-2: Foul Ball, location: 2F 2-2: Ground out U3 (Groundball, 3L, EV 89.4 MPH)
|
| Bottom of the 3rd over - 0 runs, 0 hits, 0 errors, 0 left on base; Minnesota 4 - Montreal 0 |
| TOP OF THE 4TH |
|
Minnesota Twins batting - Pitching for Montreal Expos : RHP Cheng-ho Hsu
|
|
Batting: LHB Harris Vink
|
0-0: Called Strike 0-1: Ball 1-1: Ball 2-1: Ground out 4-3 (Groundball, 34, EV 98.1 MPH)
|
|
Batting: RHB Matt Dunn
|
0-0: Foul Ball, location: 2F 0-1: Ball 1-1: Swinging Strike 1-2: Ground out 4-3 (Groundball, 4S, EV 73.1 MPH)
|
|
Batting: RHB Alex Rodriguez Jr.
|
0-0: Ball 1-0: Fly out, F8 (Flyball, 89D, EV 80.6 MPH)
|
| Top of the 4th over - 0 runs, 0 hits, 0 errors, 0 left on base; Minnesota 4 - Montreal 0 |
| BOTTOM OF THE 4TH |
|
Montreal Expos batting - Pitching for Minnesota Twins : RHP Bud Puffer
|
|
Batting: LHB Bill McGregor
|
0-0: Fly out, F9 (Flyball, 9LM, EV 91.9 MPH)
|
|
Batting: LHB Mark Marvin
|
0-0: Ball 1-0: Foul Ball, location: 2F 1-1: Ball 2-1: Swinging Strike 2-2: Foul Ball, location: 2F 2-2: Ball 3-2: SINGLE (Groundball, 4M, EV 102.5 MPH) (infield hit)
|
|
Batting: LHB Steve Anderson
|
0-0: Ball 1-0: Grounds into double play, 5-4-3 (Groundball, 5L, EV 93.8 MPH)
|
| Bottom of the 4th over - 0 runs, 1 hit, 0 errors, 0 left on base; Minnesota 4 - Montreal 0 |
| TOP OF THE 5TH |
|
Minnesota Twins batting - Pitching for Montreal Expos : RHP Cheng-ho Hsu
|
|
Batting: RHB Greg Harman
|
0-0: Called Strike 0-1: Ball 1-1: Foul Ball, location: 2F 1-2: Ball 2-2: Ball 3-2: Base on Balls
|
|
Batting: LHB Peer Derks
|
0-0: Swinging Strike 0-1: Ball 1-1: Called Strike 1-2: Ball 2-2: Foul Ball, location: 2F 2-2: Foul Ball, location: 2F 2-2: Strikes out looking
|
|
Batting: LHB Ryan Flynn Jr.
|
0-0: Ball 1-0: Called Strike 1-1: Foul Ball, location: 2F 1-2: Grounds into double play, 4-6-3 (Groundball, 4M, EV 82.5 MPH)
|
| Top of the 5th over - 0 runs, 0 hits, 0 errors, 0 left on base; Minnesota 4 - Montreal 0 |
| BOTTOM OF THE 5TH |
|
Montreal Expos batting - Pitching for Minnesota Twins : RHP Bud Puffer
|
|
Batting: RHB Steve French
|
0-0: Ball 1-0: Ball 2-0: Ball 3-0: Called Strike 3-1: Foul Ball, location: 2F 3-2: Base on Balls
|
|
Batting: SHB Lou Kroneman
|
0-0: Ball 1-0: DOUBLE (Line Drive, 7LM, EV 100.0 MPH) Steve French to third
|
|
Batting: RHB John Ham
|
0-0: Called Strike 0-1: Ball 1-1: Called Strike 1-2: Ball 2-2: Fly out, F8 (Line Drive, 8RD, EV 90.6 MPH)
|
|
Batting: RHB Jonathan Fraire
|
0-0: Called Strike 0-1: Swinging Strike 0-2: Ball 1-2: Ball 2-2: Foul Ball, location: 2F 2-2: Foul Ball, location: 2F 2-2: Strikes out swinging
|
|
Batting: RHB Tommy Mize
|
0-0: Swinging Strike 0-1: Swinging Strike 0-2: Strikes out swinging
|
| Bottom of the 5th over - 0 runs, 1 hit, 0 errors, 2 left on base; Minnesota 4 - Montreal 0 |
| TOP OF THE 6TH |
|
Minnesota Twins batting - Pitching for Montreal Expos : RHP Cheng-ho Hsu
|
|
Batting: RHB Miguel Diaz
|
0-0: Ball 1-0: Called Strike 1-1: Hit by Pitch
|
|
Batting: RHB Will Leslie
|
0-0: Foul Ball, location: 2F 0-1: Ball 1-1: Called Strike 1-2: Ball 2-2: Foul Ball, location: 2F 2-2: Foul Ball, location: 2F 2-2: Foul Ball, location: 2F 2-2: Foul Ball, location: 2F 2-2: Grounds into double play, 5-4-3 (Groundball, 56, EV 83.8 MPH)
|
|
Batting: RHB Miguel Gonzalez
|
0-0: Ball 1-0: Swinging Strike 1-1: Swinging Strike 1-2: Ball 2-2: Ball 3-2: Strikes out looking
|
| Top of the 6th over - 0 runs, 0 hits, 0 errors, 0 left on base; Minnesota 4 - Montreal 0 |
| BOTTOM OF THE 6TH |
|
Montreal Expos batting - Pitching for Minnesota Twins : RHP Bud Puffer
|
|
Batting: RHB Danny Diaz
|
0-0: Ball 1-0: Ball 2-0: Foul Ball, location: 2F 2-1: Ball 3-1: Foul Ball, location: 2F 3-2: Base on Balls
|
|
Batting: LHB Bill McGregor
|
0-0: Ball 1-0: Foul Ball, location: 2F 1-1: Ball Danny Diaz steals 2nd base 2-1: Foul Ball, location: 2F 2-2: Strikes out swinging
|
|
Batting: LHB Mark Marvin
|
0-0: Ball 1-0: Ball 2-0: Called Strike 2-1: Foul Ball, location: 2F 2-2: SINGLE (Line Drive, 4D, EV 108.1 MPH) Danny Diaz to third
|
|
Batting: LHB Steve Anderson
|
0-0: Ball 1-0: Foul Ball, location: 2F 1-1: DOUBLE (Flyball, 8LXD, EV 98.8 MPH) Danny Diaz scores Mark Marvin to third
|
|
Batting: RHB Steve French
|
0-0: Called Strike 0-1: Ground out 5-3 (Groundball, 5L, EV 106.9 MPH) Mark Marvin scores
|
|
Batting: SHB Lou Kroneman
|
0-0: Swinging Strike 0-1: Ground out 4-3 (Groundball, 4M, EV 82.5 MPH)
|
| Bottom of the 6th over - 2 runs, 2 hits, 0 errors, 1 left on base; Minnesota 4 - Montreal 2 |
| TOP OF THE 7TH |
|
Minnesota Twins batting - Pitching for Montreal Expos : RHP Cheng-ho Hsu
|
|
Batting: LHB Harris Vink
|
0-0: Ball 1-0: Ball 2-0: Swinging Strike 2-1: Swinging Strike 2-2: Strikes out swinging
|
|
Pitching: LHP Kyle Schlosschlonghair
|
|
|
Batting: RHB Matt Dunn
|
0-0: Ball 1-0: Ball 2-0: Ball 3-0: Called Strike 3-1: Called Strike 3-2: Foul Ball, location: 2F 3-2: Strikes out swinging
|
|
Batting: RHB Alex Rodriguez Jr.
|
0-0: Ball 1-0: Called Strike 1-1: Ball 2-1: Ball 3-1: Base on Balls
|
|
Batting: RHB Greg Harman
|
0-0: Foul Ball, location: 2F 0-1: Swinging Strike 0-2: Ball 1-2: Ball Alex Rodriguez Jr. is caught stealing 2nd base 2-4
|
| Top of the 7th over - 0 runs, 0 hits, 0 errors, 0 left on base; Minnesota 4 - Montreal 2 |
| BOTTOM OF THE 7TH |
|
Montreal Expos batting - Pitching for Minnesota Twins : RHP Bud Puffer
|
|
Batting: RHB John Ham
|
0-0: SINGLE (Groundball, 56S, EV 61.9 MPH) (infield hit)
|
|
Pinch Hitting: SHB Joey Pacheco
|
0-0: Ball John Ham is caught stealing 2nd base 2-6 1-0: Called Strike 1-1: Foul Ball, location: 2F 1-2: Strikes out swinging
|
|
Batting: RHB Tommy Mize
|
0-0: Ball 1-0: Called Strike 1-1: Ground out 4-3 (Groundball, 34, EV 86.2 MPH)
|
| Bottom of the 7th over - 0 runs, 1 hit, 0 errors, 0 left on base; Minnesota 4 - Montreal 2 |
| TOP OF THE 8TH |
|
Minnesota Twins batting - Pitching for Montreal Expos : LHP Kyle Schlosschlonghair
|
|
Now in CF: Austin Ohmer
|
|
|
Batting: RHB Greg Harman
|
0-0: Ball 1-0: Ball 2-0: Foul Ball, location: 2F 2-1: Swinging Strike 2-2: Strikes out swinging
|
|
Batting: LHB Peer Derks
|
0-0: Called Strike 0-1: Called Strike 0-2: Ball 1-2: Ball 2-2: Strikes out swinging
|
|
Batting: LHB Ryan Flynn Jr.
|
0-0: Fly out, F8 (Line Drive, 89M, EV 95.6 MPH)
|
| Top of the 8th over - 0 runs, 0 hits, 0 errors, 0 left on base; Minnesota 4 - Montreal 2 |
| BOTTOM OF THE 8TH |
|
Montreal Expos batting - Pitching for Minnesota Twins : RHP Bud Puffer
|
|
Pitching: LHP Inkei Wakamatsu
|
|
|
Batting: RHB Danny Diaz
|
0-0: Ball 1-0: Called Strike 1-1: Ground out U3 (Groundball, 34, EV 80.6 MPH)
|
|
Batting: LHB Bill McGregor
|
0-0: Fly out, F9 (Flyball, 89S, EV 90.6 MPH)
|
|
Batting: LHB Mark Marvin
|
0-0: Ball 1-0: Called Strike 1-1: Ball 2-1: Fly out, F9 (Flyball, 9S, EV 85.0 MPH)
|
| Bottom of the 8th over - 0 runs, 0 hits, 0 errors, 0 left on base; Minnesota 4 - Montreal 2 |
| TOP OF THE 9TH |
|
Minnesota Twins batting - Pitching for Montreal Expos : LHP Kyle Schlosschlonghair
|
|
Batting: RHB Miguel Diaz
|
0-0: Called Strike 0-1: Fly out, F5 (Flyball, 5D, EV 86.2 MPH)
|
|
Batting: RHB Will Leslie
|
0-0: Ball 1-0: Foul Ball, location: 2F 1-1: Swinging Strike 1-2: Strikes out looking
|
|
Batting: RHB Miguel Gonzalez
|
0-0: Ground out 6-3 (Groundball, 6, EV 82.5 MPH)
|
| Top of the 9th over - 0 runs, 0 hits, 0 errors, 0 left on base; Minnesota 4 - Montreal 2 |
| BOTTOM OF THE 9TH |
|
Montreal Expos batting - Pitching for Minnesota Twins : LHP Inkei Wakamatsu
|
|
Batting: LHB Steve Anderson
|
0-0: Called Strike 0-1: Ball 1-1: Foul Ball, location: 2F 1-2: Ground out U3 (Groundball, 3, EV 83.1 MPH)
|
|
Batting: RHB Steve French
|
0-0: Ball 1-0: Called Strike 1-1: Fly out, F9 (Line Drive, 9D, EV 95.6 MPH)
|
|
Batting: SHB Lou Kroneman
|
0-0: Ball 1-0: Ball 2-0: DOUBLE (Line Drive, 9LM, EV 103.8 MPH)
|
|
Batting: RHB John Ham
|
0-0: Ball 1-0: Swinging Strike 1-1: Foul Ball, location: 2F 1-2: Strikes out swinging
|
| Bottom of the 9th over - 0 runs, 1 hit, 0 errors, 1 left on base; Minnesota 4 - Montreal 2 |
|